 Dungeon Crawl Stone Soup version 0.17.2-1-ge4368a0 (webtiles) character file.

53 Goblin1989 the Ruffian (level 3, -2/26 HPs)
             Began as a Centaur Venom Mage on Sept 22, 2016.
             Killed from afar by Natasha (5 damage)
             ... with a magic dart
             ... on level 3 of the Dungeon.
             The game lasted 00:14:42 (2606 turns).

Goblin1989 the Ruffian (Centaur Venom Mage)         Turns: 2606, Time: 00:14:42

Health: -2/26      AC: 12    Str:  8    XL:     3   Next: 64%
Magic:  5/5        EV:  1    Int: 14    God:
Gold:   49         SH:  0    Dex:  9    Spells: 1 memorised, 4 levels left

rFire  . . .     SeeInvis .       - Unarmed
rCold  . . .     Clarity  .     e - +0 chain mail (curse)
rNeg   + . .     SustAt   .     (no shield)
rPois  .         Gourm    .     (no helmet)
rElec  .         Spirit   .     (no cloak)
rCorr  .         Warding  +     (no gloves)
rMut   .         Stasis   .     (no barding)
MR     .....                    i - amulet of warding
Stlth  ..........               g - -3 ring of strength (curse)
                                d - +5 ring of protection

@: very quick, not resistant to hostile enchantments, extremely unstealthy
A: hooves 3, deformed body, speed 2, tough skin 3
a: no special abilities


You were on level 3 of the Dungeon.
You were hungry.

You visited 1 branch of the dungeon, and saw 3 of its levels.

You collected 49 gold pieces.

Inventory:

Armour
 e - a cursed +0 chain mail (worn)
Jewellery
 d - a +5 ring of protection (left hand)
 f - an uncursed amulet of resist corrosion
 g - a cursed -3 ring of strength (right hand)
 i - an amulet of warding (around neck)
 l - an uncursed ring of ice
 q - a cursed -3 ring of evasion {unknown}
Scrolls
 j - 2 scrolls of enchant weapon {unknown}
 k - a scroll of identify
 n - 2 scrolls of magic mapping {unknown}
 o - a scroll of fog {unknown}
Potions
 a - 2 potions of resistance
 b - 2 potions of agility {unknown}
 h - a potion of cancellation
 m - a potion of flight {unknown}
Comestibles
 c - a bread ration
 p - a beef jerky


   Skills:
 + Level 0.0 Fighting
 + Level 0.1 Armour
 - Level 1.3 Dodging
 - Level 1.2 Stealth
 * Level 3.3 Unarmed Combat
 - Level 1.5 Spellcasting
 - Level 3.2 Poison Magic


You had 4 spell levels left.
You knew the following spells:

 Your Spells              Type           Power        Failure   Level  Hunger
a - Sting                 Conj/Pois      #...         100%        1    ##.....


Dungeon Overview and Level Annotations

Branches:
Dungeon (3/15)

Altars:
Makhleb

Annotations:
D:3 Natasha


Innate Abilities, Weirdness & Mutations

You have hooves in place of feet.
Armour fits poorly on your strangely shaped body.
You cover ground very quickly.
You have extremely tough skin (AC +3).


Message History

* * * LOW HITPOINT WARNING * * *
The goblin hits you but does no damage.
You take 3 damage, and have 5/26 hp.
You hit Natasha. Your kick misses Natasha.
Natasha is severely wounded.
The crimson imp blinks!
The kobold hits you but does no damage.
Natasha stares at you and mumbles some strange words.
You resist with significant effort. The goblin hits you but does no damage.
Your chain mail prevents you from hitting Natasha.
Natasha is severely wounded.
The crimson imp shouts, "Away with thee, thou defiled toot-wallowing ratsbane!"
The kobold hits you.
* * * LOW HITPOINT WARNING * * *
You take 2 damage, and have 3/26 hp.
You are feeling hungry.
You closely miss Natasha. Your kick misses Natasha.
Natasha is severely wounded.
Natasha stares at you and mumbles some strange words.
The magic dart hits you!
You die...

#.##........####.#
##...........# .#
.....?....####
###.)........
#........#
#........#
#..<ยง..5.#
#..h.<...#
#..@.....#
#.gK.....#
#...........
####.####### #.#
#.. ###


You could see Natasha, a crimson imp, a goblin and a kobold.

Vanquished Creatures
  An adder (D:2)
  2 oozes
  A worm (D:2)
  2 giant geckos
  A ball python (D:1)
  7 goblins
  2 hobgoblins
  2 jackals (D:2)
  4 bats
  A giant cockroach (D:2)
  2 giant newts
  2 kobolds (D:1)
  5 rats
32 creatures vanquished.

Notes
Turn   | Place    | Note
--------------------------------------------------------------
     0 | D:1      | Goblin1989 the Centaur Venom Mage began the quest for the Orb.
     0 | D:1      | Reached XP level 1. HP: 14/14 MP: 3/3
   497 | D:1      | Reached skill level 1 in Unarmed Combat
   570 | D:1      | Reached XP level 2. HP: 8/20 MP: 4/4
  1440 | D:2      | Reached XP level 3. HP: 20/26 MP: 5/5
  2146 | D:2      | Found a burning altar of Makhleb.
  2146 | D:2      | Noticed a green death
  2407 | D:3      | Noticed Natasha
  2606 | D:3      | Killed from afar by Natasha

Action                   || total
-------------------------++-------
Melee: Unarmed           ||   291
  Use: Scroll            ||     2
  Eat: Chunk             ||     4
